 Dungeon Crawl Stone Soup version 0.22.1-1-ga44c0e56f4 (webtiles) character file.

16 Knicklaso the Skirmisher (level 2, -3/20 HPs)
             Began as a Halfling Abyssal Knight on Oct 3, 2018.
             Was a Follower of Lugonu.
             Slain by an adder (4 damage)
             ... on level 2 of the Dungeon.
             The game lasted 00:01:59 (1125 turns).

Knicklaso the Skirmisher (Halfling Abyssal Knight)  Turns: 1125, Time: 00:02:00

Health: -3/20      AC:  3    Str: 13    XL:     2   Next: 75%
Magic:  3/3        EV: 14    Int: 10    God:    Lugonu [*.....]
Gold:   21         SH:  0    Dex: 13    Spells: 1/1 levels left

rFire    . . .     SeeInvis .   b - +0 hunting sling
rCold    . . .     Gourm    .   (shield restricted)
rNeg     . . .     Faith    .   f - +0 leather armour
rPois    .         Spirit   .   (no helmet)
rElec    .         Reflect  .   (no cloak)
rCorr    .         Harm     .   (no gloves)
MR       .....                  (no boots)
Stlth    +.........             (no amulet)
HPRegen  0.06/turn              (no ring)
MPRegen  0.08/turn              (no ring)

@: lethally poisoned (-3 -> -11)
A: small, mutation resistance 1
a: Depart the Abyss, Renounce Religion


You were on level 2 of the Dungeon.
You worshipped Lugonu.
Lugonu was aware of your devotion.
You were hungry.

You visited 1 branch of the dungeon, and saw 2 of its levels.
You visited the Abyss 1 time.

You collected 21 gold pieces.

Inventory:

Hand Weapons
 a - a +1 short sword
 b - a +0 hunting sling (weapon)
 n - a +1 dagger of holy wrath
Missiles
 e - 2 stones
 l - 11 sling bullets (quivered)
 o - 25 poisoned needles
Armour
 f - a +0 leather armour (worn)
 h - a +4 ring mail
Jewellery
 k - an uncursed ring of see invisible {unknown}
Scrolls
 g - 4 scrolls of remove curse {unknown}
Potions
 d - a potion of curing {unknown}
 i - a potion of mutation {unknown}
 j - a potion of resistance {unknown}
 m - a potion of berserk rage {unknown}
Comestibles
 c - a ration


   Skills:
 + Level 2.9 Fighting
 - Level 2.4 Short Blades
 * Level 1.3 Slings
 - Level 2.1 Armour
 + Level 1.5 Dodging
 + Level 2.4 Invocations


You had one spell level left.
You didn't know any spells.
Your spell library was empty.

Dungeon Overview and Level Annotations

Branches:
Dungeon (2/15)

Altars:


Innate Abilities, Weirdness & Mutations

You are small and have problems with some larger weapons.
You are somewhat resistant to further mutation.


Message History

Press: ? - help, Shift-Dir - straight line, f/p - adder
Aim: an adder (lightly wounded)
You shoot a sling bullet. The sling bullet hits the adder.
The adder is heavily wounded.
The adder bites you. The kobold barely misses you.
Firing (i - inventory. (/) - cycle)
l - 13 sling bullets (quivered)
Press: ? - help, Shift-Dir - straight line, f/p - adder
Aim: an adder (heavily wounded)
You shoot a sling bullet.
The sling bullet barely misses the adder.
You feel sick. The adder bites you.
* * * LOW HITPOINT WARNING * * *
You are more poisoned.
The adder poisons you! The kobold barely misses you.
Firing (i - inventory. (/) - cycle)
l - 12 sling bullets (quivered)
Press: ? - help, Shift-Dir - straight line, f/p - adder
Aim: an adder (heavily wounded)
You shoot a sling bullet. The sling bullet misses the adder.
The adder bites you.
You die...

#. ##. #. #.. #.
.. #. $. #.##.
.(( #S####...
###@K......
#.....#...#
###..[..+ >
#.......#..
#..........
#........##
######........#
#...............
##.########.####


You could see an adder and a kobold.

Vanquished Creatures
  A giant cockroach (D:1)
  A goblin (D:1)
  3 hobgoblins
  A jackal (D:2)
  4 kobolds (D:1)
  A bat (D:1)
  4 frilled lizards
15 creatures vanquished.

Notes
Turn   | Place    | Note
-------+----------+-------------------------------------------
     0 | Abyss:1  | Knicklaso the Halfling Abyssal Knight began the quest for
                  | the Orb.
     0 | Abyss:1  | Reached XP level 1. HP: 15/15 MP: 2/2
    63 | D:1      | Escaped the Abyss
   487 | D:1      | Reached XP level 2. HP: 16/20 MP: 3/3
   959 | D:1      | Reached skill level 1 in Slings
  1124 | D:2      | HP: 1/20 [adder (5)]
  1125 | D:2      | Slain by an adder

Skill      XL: |  1  2 |
---------------+-------+-----
Slings         | 1 |  1.3
Fighting       | |  2.9
Short Blades   | |  2.4
Armour         | |  2.1
Dodging        | |  1.5
Invocations    | |  2.4

Action                   || total
-------------------------++-------
Melee: Short sword       ||     7
 Fire: Hunting sling     ||    44
Armor: Leather armour    ||     6
Dodge: Dodged            ||    26
